[ AOE2 MATCH · #507116892 ]
UnrankedJapanese vs Vietnamese
Player's team · WIN
[ REPLAY ANALYSIS · EXTRACTED FROM THE RECORDED GAME ]
Feudal
13:39
Castle
21:40
Imperial
—
| APM avg | 55.7 |
| APM peak | 81 |
| eAPM avg | 24.6 |
| Villagers / military | 57 / 30 |
Focus
⚔️ 31.6% · 🌾 68.4%
Archer ×11 · Knight ×6 · Cavalry Archer ×4 · Militia ×3 · Samurai ×3 · Mangonel ×2
Feudal
14:27
Castle
18:22
Imperial
—
| APM avg | 46.6 |
| APM peak | 95 |
| eAPM avg | 16.1 |
| Villagers / military | 39 / 35 |
Focus
⚔️ 38.7% · 🌾 61.3%
Fire Lancer ×23 · Battering Ram ×6 · Mangonel ×4 · Scorpion ×2
Match map
Initial resources + every placement click. Lines = walls · curves = elevation contours. ◆ gold · ⬟ stone · ● berries · ✦ relic · ◌ wall gap
Your base· Open — unwalled flank
kim.henrik.himanen123's base· Open — 6t gap
Smoothed initial terrain · ◌ = detected wall gap · hover for details
Inputs per minute
— ferminsin - - kim.henrik.himanen123
Build order — ferminsin
First 150 of 157 actions detected
| 0:01 | Queue | Villager (Male) |
| 0:01 | Queue | Villager (Male) |
| 0:02 | Queue | Villager (Male) |
| 0:03 | Build | House |
| 0:06 | Build | House |
| 0:10 | Queue | Villager (Male) |
| 0:10 | Queue | Villager (Male) |
| 1:30 | Queue | Villager (Male) |
| 1:30 | Queue | Villager (Male) |
| 1:52 | Queue | Villager (Male) |
| 2:14 | Build | Lumber Camp |
| 2:20 | Queue | Villager (Male) |
| 2:21 | Queue | Villager (Male) |
| 2:21 | Queue | Villager (Male) |
| 2:39 | Build | House |
| 2:44 | Queue | Villager (Male) |
| 2:44 | Queue | Villager (Male) |
| 2:56 | Research | Loom |
| 3:29 | Queue | Villager (Male) |
| 3:29 | Queue | Villager (Male) |
| 3:29 | Queue | Villager (Male) |
| 4:19 | Queue | Villager (Male) |
| 4:20 | Queue | Villager (Male) |
| 4:56 | Queue | Villager (Male) |
| 4:57 | Queue | Villager (Male) |
| 5:03 | Build | Barracks |
| 5:24 | Queue | Villager (Male) |
| 5:30 | Build | Mill |
| 6:01 | Build | House |
| 6:26 | Queue | Militia |
| 6:26 | Queue | Militia |
| 6:27 | Queue | Militia |
| 6:53 | Queue | Villager (Male) |
| 7:23 | Build | Farm |
| 7:23 | Build | Farm |
| 7:42 | Queue | Villager (Male) |
| 7:42 | Queue | Villager (Male) |
| 7:42 | Queue | Villager (Male) |
| 7:46 | Build | Farm |
| 7:47 | Build | Farm |
| 8:01 | Build | Mill |
| 8:06 | Queue | Villager (Male) |
| 8:06 | Queue | Villager (Male) |
| 8:28 | Queue | Villager (Male) |
| 8:28 | Queue | Villager (Male) |
| 8:28 | Queue | Villager (Male) |
| 8:52 | Queue | Villager (Male) |
| 9:06 | Build | House |
| 9:24 | Queue | Villager (Male) |
| 9:38 | Queue | Villager (Male) |
| 9:58 | Queue | Villager (Male) |
| 10:00 | Queue | Villager (Male) |
| 10:15 | Build | House |
| 10:24 | Queue | Villager (Male) |
| 10:48 | Build | Palisade Wall |
| 10:49 | Build | Palisade Wall |
| 11:08 | Build | Mining Camp |
| 11:20 | Queue | Villager (Male) |
| 11:28 | Research | Feudal Age |
| 11:29 | Research | Feudal Age |
| 12:31 | Build | Palisade Wall |
| 12:39 | Build | Palisade Wall |
| 12:44 | Build | Palisade Wall |
| 12:49 | Build | Palisade Wall |
| 12:50 | Build | Palisade Wall |
| 13:01 | Build | Farm |
| 13:13 | Build | Palisade Wall |
| 13:29 | Build | Palisade Wall |
| 13:39 | Age | Feudal Age |
| 13:41 | Build | Archery Range |
| 13:47 | Build | Mill |
| 13:51 | Build | Archery Range |
| 13:55 | Build | Mining Camp |
| 14:07 | Build | Blacksmith |
| 14:08 | Queue | Villager (Male) |
| 14:11 | Research | Double-Bit Axe |
| 14:11 | Research | Double-Bit Axe |
| 14:36 | Queue | Archer |
| 14:36 | Queue | Archer |
| 14:42 | Queue | Villager (Male) |
| 14:45 | Build | Farm |
| 15:02 | Research | Fletching |
| 15:06 | Queue | Villager (Male) |
| 15:08 | Queue | Villager (Male) |
| 15:19 | Build | House |
| 15:25 | Queue | Archer |
| 15:37 | Queue | Villager (Male) |
| 15:53 | Build | Lumber Camp |
| 16:00 | Queue | Archer |
| 16:22 | Queue | Archer |
| 16:44 | Build | Watch Tower |
| 16:55 | Queue | Villager (Male) |
| 16:56 | Build | Farm |
| 16:56 | Build | Farm |
| 17:09 | Queue | Villager (Male) |
| 17:36 | Queue | Villager (Male) |
| 17:45 | Build | Market |
| 17:51 | Build | Farm |
| 18:31 | Build | Farm |
| 18:47 | Build | Watch Tower |
| 18:50 | Build | Mining Camp |
| 19:00 | Research | Castle Age |
| 19:01 | Research | Castle Age |
| 19:01 | Research | Castle Age |
| 19:03 | Queue | Archer |
| 19:14 | Build | House |
| 19:30 | Build | Farm |
| 19:33 | Build | House |
| 19:46 | Queue | Archer |
| 20:19 | Build | Stable |
| 20:26 | Queue | Archer |
| 20:52 | Queue | Scout Cavalry |
| 20:56 | Queue | Archer |
| 21:31 | Queue | Villager (Male) |
| 21:40 | Age | Castle Age |
| 21:43 | Research | Bodkin Arrow |
| 21:44 | Research | Bodkin Arrow |
| 21:49 | Research | Crossbowman (upgrade) |
| 21:50 | Research | Crossbowman (upgrade) |
| 22:00 | Build | University |
| 22:11 | Queue | Villager (Male) |
| 22:25 | Queue | Villager (Male) |
| 22:28 | Queue | Archer |
| 22:44 | Queue | Archer |
| 22:54 | Build | Watch Tower |
| 23:00 | Queue | Cavalry Archer |
| 23:00 | Queue | Cavalry Archer |
| 23:08 | Queue | Villager (Male) |
| 23:19 | Queue | Knight |
| 23:20 | Queue | Knight |
| 23:30 | Research | Guard Tower (upgrade) |
| 23:30 | Research | Guard Tower (upgrade) |
| 23:48 | Queue | Villager (Male) |
| 24:07 | Queue | Knight |
| 24:07 | Queue | Knight |
| 24:07 | Queue | Knight |
| 25:24 | Queue | Knight |
| 25:32 | Queue | Cavalry Archer |
| 25:33 | Queue | Cavalry Archer |
| 25:46 | Queue | Villager (Male) |
| 25:47 | Queue | Villager (Male) |
| 26:04 | Build | Archery Range |
| 26:12 | Build | Siege Workshop |
| 26:14 | Queue | Villager (Male) |
| 26:19 | Build | Watch Tower |
| 26:22 | Queue | Villager (Male) |
| 26:22 | Queue | Villager (Male) |
| 26:22 | Queue | Villager (Male) |
| 26:38 | Queue | Villager (Male) |
| 26:46 | Queue | Mangonel |
Build order — kim.henrik.himanen123
115 actions detected in the replay
| 0:00 | Queue | Villager (Male) ×4 |
| 0:02 | Build | House |
| 0:02 | Build | House |
| 0:32 | Research | Loom |
| 0:32 | Queue | Villager (Male) ×2 |
| 1:41 | Queue | Villager (Male) |
| 2:21 | Build | Palisade Wall |
| 2:22 | Build | Palisade Wall |
| 2:23 | Build | Palisade Wall |
| 2:24 | Build | Palisade Wall |
| 2:39 | Queue | Villager (Male) |
| 3:05 | Queue | Villager (Male) |
| 3:05 | Queue | Villager (Male) |
| 3:35 | Queue | Villager (Male) |
| 3:53 | Queue | Villager (Male) |
| 4:21 | Queue | Villager (Male) |
| 4:34 | Build | Lumber Camp |
| 4:50 | Queue | Villager (Male) |
| 4:54 | Queue | Villager (Male) |
| 5:19 | Build | House |
| 5:47 | Queue | Villager (Male) |
| 5:57 | Queue | Villager (Male) |
| 7:03 | Queue | Villager (Male) |
| 7:03 | Queue | Villager (Male) |
| 7:45 | Queue | Villager (Male) ×2 |
| 7:52 | Build | Mill |
| 8:14 | Build | House |
| 8:19 | Build | Palisade Wall |
| 8:20 | Build | Palisade Wall |
| 8:22 | Build | Palisade Wall |
| 8:23 | Build | Palisade Wall |
| 8:25 | Build | Palisade Wall |
| 8:47 | Queue | Villager (Male) ×4 |
| 9:36 | Build | Palisade Wall |
| 9:42 | Build | Palisade Wall |
| 9:43 | Queue | Villager (Male) |
| 9:47 | Build | Mill |
| 10:03 | Build | House |
| 10:27 | Build | Farm |
| 10:37 | Queue | Villager (Male) ×2 |
| 10:44 | Build | House |
| 10:44 | Queue | Villager (Male) |
| 10:46 | Queue | Villager (Male) |
| 10:57 | Queue | Villager (Male) |
| 11:01 | Queue | Villager (Male) |
| 11:01 | Queue | Villager (Male) |
| 11:32 | Queue | Villager (Male) ×2 |
| 11:38 | Build | Mining Camp |
| 12:17 | Research | Feudal Age |
| 12:17 | Research | Feudal Age |
| 14:04 | Queue | Villager (Male) |
| 14:04 | Queue | Villager (Male) |
| 14:27 | Age | Feudal Age |
| 14:33 | Build | Market |
| 14:38 | Build | Blacksmith |
| 14:57 | Build | Stone Wall |
| 15:05 | Build | Stone Wall |
| 15:09 | Build | Stone Wall |
| 15:13 | Build | Mining Camp |
| 15:42 | Research | Castle Age |
| 15:42 | Research | Castle Age |
| 16:06 | Build | Stone Wall |
| 16:22 | Build | Palisade Gate |
| 16:24 | Build | Palisade Wall |
| 16:40 | Build | Lumber Camp |
| 17:12 | Build | Stone Wall |
| 17:15 | Build | House |
| 17:23 | Build | Palisade Gate |
| 17:32 | Build | Mining Camp |
| 17:58 | Build | Stone Wall |
| 18:22 | Age | Castle Age |
| 18:36 | Build | Siege Workshop |
| 18:38 | Build | Siege Workshop |
| 18:41 | Research | Double-Bit Axe |
| 19:08 | Build | Barracks |
| 19:10 | Queue | Mangonel |
| 19:10 | Queue | Mangonel |
| 19:26 | Queue | Scorpion |
| 20:21 | Queue | Mangonel |
| 20:21 | Queue | Mangonel |
| 20:38 | Build | Barracks |
| 20:38 | Build | Barracks |
| 20:53 | Queue | Battering Ram |
| 20:54 | Queue | Battering Ram |
| 21:02 | Queue | Villager (Male) |
| 21:07 | Queue | Scorpion |
| 21:20 | Build | Outpost |
| 21:46 | Build | Barracks |
| 21:53 | Queue | Battering Ram |
| 21:53 | Queue | Battering Ram |
| 23:01 | Queue | Fire Lancer |
| 23:27 | Queue | Fire Lancer |
| 23:29 | Queue | Battering Ram |
| 23:29 | Queue | Battering Ram |
| 23:40 | Build | Siege Workshop |
| 23:41 | Queue | Fire Lancer |
| 23:42 | Queue | Fire Lancer |
| 23:45 | Build | House |
| 23:46 | Build | House |
| 23:59 | Build | Palisade Wall |
| 24:01 | Build | Palisade Wall |
| 24:07 | Queue | Villager (Male) |
| 24:24 | Build | Barracks |
| 24:42 | Build | Mining Camp |
| 25:19 | Queue | Fire Lancer ×2 |
| 25:34 | Queue | Fire Lancer |
| 26:00 | Queue | Fire Lancer ×2 |
| 26:00 | Queue | Fire Lancer ×2 |
| 26:20 | Build | House |
| 27:04 | Queue | Fire Lancer ×4 |
| 27:31 | Build | House |
| 27:32 | Queue | Fire Lancer ×2 |
| 27:32 | Queue | Fire Lancer ×2 |
| 28:44 | Research | Squires |
| 28:45 | Queue | Fire Lancer ×4 |
Match timeline
| 2:21 | kim.henrik.himanen123 · wall_segment Palisade Wall x1 |
| 2:22 | kim.henrik.himanen123 · wall_segment Palisade Wall x1 |
| 2:23 | kim.henrik.himanen123 · wall_segment Palisade Wall x1 |
| 2:24 | kim.henrik.himanen123 · wall_segment Palisade Wall x1 |
| 5:03 | ferminsin · first_building Barracks |
| 8:19 | kim.henrik.himanen123 · wall_segment Palisade Wall x5 |
| 8:20 | kim.henrik.himanen123 · wall_segment Palisade Wall x1 |
| 8:22 | kim.henrik.himanen123 · wall_segment Palisade Wall x4 |
| 8:23 | kim.henrik.himanen123 · wall_segment Palisade Wall x4 |
| 8:25 | kim.henrik.himanen123 · wall_segment Palisade Wall x3 |
| 9:36 | kim.henrik.himanen123 · wall_segment Palisade Wall x3 |
| 9:42 | kim.henrik.himanen123 · wall_segment Palisade Wall x2 |
| 10:48 | ferminsin · wall_segment Palisade Wall x1 |
| 10:49 | ferminsin · wall_segment Palisade Wall x1 |
| 12:31 | ferminsin · wall_segment Palisade Wall x3 |
| 12:39 | ferminsin · wall_segment Palisade Wall x3 |
| 12:44 | ferminsin · wall_segment Palisade Wall x3 |
| 12:49 | ferminsin · wall_segment Palisade Wall x1 |
| 12:50 | ferminsin · wall_segment Palisade Wall x1 |
| 13:13 | ferminsin · wall_segment Palisade Wall x2 |
| 13:29 | ferminsin · wall_segment Palisade Wall x8 |
| 13:39 | ferminsin · age_up feudal |
| 13:41 | ferminsin · first_building Archery Range |
| 14:27 | kim.henrik.himanen123 · age_up feudal |
| 14:57 | kim.henrik.himanen123 · wall_segment Stone Wall x8 |
| 15:05 | kim.henrik.himanen123 · wall_segment Stone Wall x14 |
| 15:09 | kim.henrik.himanen123 · wall_segment Stone Wall x3 |
| 16:06 | kim.henrik.himanen123 · wall_segment Stone Wall x13 |
| 16:24 | kim.henrik.himanen123 · wall_segment Palisade Wall x1 |
| 17:12 | kim.henrik.himanen123 · wall_segment Stone Wall x7 |
| 17:54 | kim.henrik.himanen123 · first_market_buy 100 stone |
| 17:58 | kim.henrik.himanen123 · wall_segment Stone Wall x5 |
| 18:22 | kim.henrik.himanen123 · age_up castle |
| 18:36 | kim.henrik.himanen123 · first_building Siege Workshop |
| 19:08 | kim.henrik.himanen123 · first_building Barracks |
| 20:19 | ferminsin · first_building Stable |
| 21:40 | ferminsin · age_up castle |
| 21:47 | ferminsin · first_market_sell 100 wood |
| 21:48 | ferminsin · first_market_buy 100 food |
| 23:59 | kim.henrik.himanen123 · wall_segment Palisade Wall x5 |
| 24:01 | kim.henrik.himanen123 · wall_segment Palisade Wall x5 |
| 25:58 | kim.henrik.himanen123 · first_market_sell 100 wood |
| 26:12 | ferminsin · first_building Siege Workshop |
| 27:11 | ferminsin · first_building Castle |
| 29:11 | kim.henrik.himanen123 · resign |
[ AI ANALYSIS · 1 CREDIT ]
What really happened in this match?
Wolo.gg analyzes every decision: build order, eco, micro, common mistakes by bracket. Personalized analysis on WhatsApp or Discord in 30 seconds.
Civ guide
Japanese
Perfil
ferminsin